 Dungeon Crawl Stone Soup version 0.29.1-4-g47bece8355 (webtiles) character file.

Game seed: 18395932237664864226

301 CaptainMV the Stinger (level 6, 0/47 HPs)
             Began as a Draconian Venom Mage on Dec 7, 2022.
             Slain by a mummy (5 damage)
             ... in an ossuary.
             The game lasted 00:28:38 (3055 turns).

CaptainMV the Stinger (Draconian Venom Mage)        Turns: 3055, Time: 00:28:41

Health: 0/47       AC:  7    Str: 11    XL:     6   Next: 14%
Magic:  10/10      EV: 12    Int: 17    God:
Gold:   94         SH:  0    Dex: 11    Spells: 7/10 levels left

rFire   . . .      SeeInvis .   o - +2 dagger (venom)
rCold   . . .      Faith    .   (no shield)
rNeg    + . .      Spirit   .   (body armour unavailable)
rPois   .          Reflect  .   (helmet restricted)
rElec   .          Harm     .   (no cloak)
rCorr   .          Rampage  .   (no gloves)
Will    .....                   b - +0 pair of boots
Stlth   ++........              (no amulet)
HPRegen 0.15/turn               m - ring of positive energy
MPRegen 0.12/turn               (no ring)

@: no status effects
A: AC +6, unfitting armour, cold-blooded
a: no special abilities


You were in an ossuary.
You visited 1 branch of the dungeon, and saw 4 of its levels.
You also visited: Ossuary.

You collected 94 gold pieces.

Inventory:

Hand Weapons
 c - a +1 whip of draining
 o - a +2 dagger of venom (weapon)
Missiles
 g - 5 datura-tipped darts
Armour
 b - a +0 pair of boots (worn)
Jewellery
 m - a ring of positive energy (left hand)
Scrolls
 h - 3 scrolls of teleportation
 l - a scroll of noise
 n - a scroll of silence {unknown}
Potions
 a - a potion of magic
 e - 4 potions of curing {unknown}
 f - a potion of mutation {unknown}
 i - 3 potions of might
 j - 2 potions of brilliance {unknown}


   Skills:
 + Level 1.5 Fighting
 + Level 3.0 Maces & Flails
 + Level 2.6 Dodging
 + Level 3.0 Stealth
 + Level 0.1 Unarmed Combat
 + Level 2.9 Spellcasting
 + Level 1.8 Transmutations
 + Level 3.6 Poison Magic


You had 7 spell levels left.
You knew the following spells:

 Your Spells              Type           Power      Damage    Failure   Level
a - Sting                 Tmut/Pois      44%        1d5       6%          1
b - Poisonous Vapours     Pois/Air       16%        N/A       13%         2

Your spell library contained the following spells:

 Spells                   Type           Power      Damage    Failure   Level
 Freeze                   Ice            8%         1d3       19%         1
 Mephitic Cloud           Conj/Pois/Air  6%         N/A       32%         3
 Olgreb's Toxic Radiance  Pois           14%        N/A       36%         4
 Frozen Ramparts          Ice            4%         1d1       47%         3
 Hailstorm                Conj/Ice       2%         3d3       87%         4
 Blade Hands              Tmut           4%         N/A       93%         5
 Iron Shot                Conj/Erth      1%         9d1       100%        6
 Animate Armour           Summ/Erth      Unusable   N/A       N/A         4

Dungeon Overview and Level Annotations

Branches:
Dungeon (4/15)            Ossuary (1/1)
 Temple: D:4-7

Altars:
Cheibriados
Okawaru
Qazlal
Trog


Innate Abilities, Weirdness & Mutations

Your plain brown scales are hard. (AC +6)
You cannot fit into any form of body armour.
You are cold-blooded and may be slowed by cold attacks.


Message History

The gnoll zombie hits you.
You hit the orc zombie. Your punch misses the orc zombie.
The orc zombie is moderately damaged.
The jackal zombie bites you but does no damage.
The human zombie hits your butterfly.
Your butterfly dies!
Your butterfly disappears in a burst of colours!
The human zombie hits you. The orc zombie barely misses you.
The gnoll zombie hits you.
You hit the orc zombie.
You destroy the orc zombie!
The jackal zombie barely misses you. The human zombie hits you.
The gnoll zombie hits you.
The jackal zombie bites you but does no damage.
You barely miss the orc zombie. You tail-slap the orc zombie.
The orc zombie is moderately damaged.
The jackal zombie bites you but does no damage.
You hit the orc zombie.
You destroy the orc zombie!
The human zombie misses you. The human zombie hits you.
* * * LOW HITPOINT WARNING * * *
The gnoll zombie barely misses you.
The jackal zombie bites you but does no damage.
You hit the mummy.
The mummy is lightly damaged.
The jackal zombie bites you.
* * * LOW HITPOINT WARNING * * *
The human zombie hits you but does no damage.
The gnoll zombie hits you.
* * * LOW HITPOINT WARNING * * *
The human zombie hits you.
* * * LOW HITPOINT WARNING * * *
The human zombie barely misses you.
You barely miss the mummy.
You tail-slap the mummy, but do no damage.
The mummy is lightly damaged.
The jackal zombie bites you.
* * * LOW HITPOINT WARNING * * *
The mummy hits you.
You die...

#########
......... ...
......... ....
........#####....
..................
......M...........
#...Z@ZZ........
#...ZZZ.........
.......ZZ.........
........b.........
........b.........
..........∩.b.....
..........∩.......
..................
.................


You could see a mummy, an adder zombie, a jackal zombie, a hobgoblin zombie, a
gnoll zombie (ally target), a kobold zombie and 3 human zombies.

Vanquished Creatures
  A water moccasin (D:3)
  Blork the orc (D:4)
  6 adders
  An ufetubus (D:4)
  3 worms
  A bat (D:2)
  7 endoplasms
  2 giant cockroaches
  7 goblins
  6 hobgoblins
  5 jackals
  6 quokkas
  5 ball pythons
  8 frilled lizards
  3 kobolds
  2 kobold zombies (Ossuary)
  2 orc zombies (Ossuary)
  6 rats
72 creatures vanquished.

Vanquished Creatures (others)
  A wizard (D:3)
1 creature vanquished.

Grand Total: 73 creatures vanquished

Notes
Turn   | Place    | Note
-------+----------+-------------------------------------------
     0 | D:1      | CaptainMV the Draconian Venom Mage began the quest for the
                  | Orb.
     0 | D:1      | Reached XP level 1. HP: 14/14 MP: 3/3
   139 | D:1      | Reached XP level 2. HP: 15/20 MP: 5/5
   145 | D:1      | Found a faded altar of an unknown god.
   632 | D:1      | Reached XP level 3. HP: 26/26 MP: 6/6
  1131 | D:2      | Reached skill level 1 in Maces & Flails
  1290 | D:2      | Reached XP level 4. HP: 33/34 MP: 7/7
  1592 | D:2      | Found a snail-covered altar of Cheibriados.
  2010 | D:3      | Noticed a water moccasin
  2018 | D:3      | Learned a level 2 spell: Poisonous Vapours
  2090 | D:3      | HP: 1/34 [poisoned by a water moccasin]
  2093 | D:3      | Killed a water moccasin
  2094 | D:3      | Reached skill level 1 in Fighting
  2094 | D:3      | Reached XP level 5. HP: 2/40 MP: 7/9
  2621 | D:3      | Found a bloodstained altar of Trog.
  2623 | D:3      | Noticed a wizard
  2627 | D:3      | Killed a wizard
  2757 | D:3      | Found a stormy altar of Qazlal.
  2757 | D:3      | Found an iron altar of Okawaru.
  2901 | D:4      | Noticed Blork the orc
  2915 | D:4      | Killed Blork the orc
  2916 | D:4      | Reached XP level 6. HP: 25/47 MP: 8/10
  3007 | D:4      | Found a sand-covered staircase.
  3031 | Ossuary  | Entered an ossuary
  3055 | Ossuary  | Slain by a mummy

Illustrated notes

Levels and vault maps discovered:
D:1:      roderic_chinese_lattice_arrival, layout_basic,
          ebering_ecumenical_altar_hall, roderic_roman_lattice
D:2:      layout_basic, basic_altar, nicolae_kite_square_tiling_tiny,
          minmay_misc_feat_four_crosses
D:3:      layout_loops_ring, chequers_temple_overflow_statue_of_worship,
          trog_wizard, nicolae_concentric_dashed_squares_wild
D:4:      layout_loops_cross, mainiacjoe_overflow_catwalk,
          nicolae_ossuary_entry_ruins, dreamdust_gnoll_farm, uniq_blork_the_orc
Ossuary:  ossuary_minmay_tomb_2a

Skill      XL: |  1  2  3  4  5  6 |
---------------+-------------------+-----
Dodging        | 2 |  2.6
Stealth        | 2 3 |  3.0
Maces & Flails | 1 2 3 |  3.0
Fighting       | 1 |  1.5
Unarmed Combat | |  0.1
Spellcasting   | |  2.9
Transmutations | |  1.8
Poison Magic   | |  3.6

Action                   |  1- 3 |  4- 6 || total
-------------------------+-------+-------++-------
Melee: Unarmed           |    17 |       ||    17
       Whip              |    78 |    77 ||   155
       Tailslap          |     9 |    16 ||    25
       Dagger            |       |    31 ||    31
 Cast: Sting             |     8 |     9 ||    17
  Use: Scroll            |       |     4 ||     4
 Stab: Sleeping          |     5 |     2 ||     7
Armor: Skin              |    23 |    35 ||    58
Dodge: Dodged            |    50 |    75 ||   125
